cohdb
Replays
Latest Replays
All Replays
Popular Replays
Top Player Replays
Match Explorer
How It Works
Community
CoH3 Stats
Reddit
Sign in to upload your games and track your stats! →
Sign in with Steam
SSF hellcat vs Fallschrim P4
Match 14986648
Overview
Messages
Build Orders
End
Kettenkrad Recon Vehicle
Selects Luftwaffe Battlegroup
Selects Fallschirmpioneer Squad Paradrop
Fallschirmpioneer Squad Paradrop
Construct Infanterie Kompanie
MG 42 Machine Gun Team
MG 42 Machine Gun Team
Construct Luftwaffe Kompanie
221 Scout Car
Jäger Squad
Selects Stuka Strafing Run
Selects Fallschirmjäger Squad Paradrop
Jäger Squad
Stuka Strafing Run
Medical Station
Fallschirmjäger Squad Paradrop
Construct Panzer Kompanie
Panzer IV Medium Tank
Pioneer Squad
Panzer IV Medium Tank
Selects LG40 Recoilless Launcher Paradrop
Selects Infantry Reserves
Pioneer Squad
Fallschirmjäger Squad Paradrop
Selects Stuka Loiter
Pioneer Squad
Stuka Loiter
Fallschirmjäger Squad Paradrop
Panzer IV Medium Tank
Pioneer Squad
Pioneer Squad
Fallschirmjäger Squad Paradrop
Panzer IV Medium Tank
Stuka Strafing Run
Panzer IV Medium Tank
AI Takeover
DaPopeCOH
Fortune
0
0
Comments
sign in to comment!
No comments posted yet!